 Dungeon Crawl Stone Soup version 0.21-a0-94-gdd6ab6a (webtiles) character file.

5317 nubinia the Thaumaturge (level 10, -6/53 HPs)
             Began as a Deep Elf Fire Elementalist on July 1, 2017.
             Was a Follower of Ashenzari.
             Mangled by a cyan ugly thing (12 damage)
             ... on level 8 of the Dungeon.
             The game lasted 00:49:08 (12991 turns).

nubinia the Thaumaturge (DEFE)                     Turns: 12991, Time: 00:49:09

Health: -6/53      AC:  6    Str:  5    XL:     10   Next: 37%
Magic:  10/26      EV: 14    Int: 22    God:    Ashenzari [*.....]
Gold:   369        SH:  0    Dex: 17    Spells: 13/29 levels left

rFire    . . .     SeeInvis .   v - +3 dire flail (venom) (curse)
rCold    + . .     Gourm    .   (shield currently unavailable)
rNeg     + . .     Faith    .   e - +0 robe
rPois    .         Spirit   .   k - +2 hat (curse)
rElec    .         Reflect  .   B - +0 cloak (curse)
rCorr    .         Harm     .   q - +0 pair of gloves (curse)
MR       +....                  (no boots)
Stlth    ++++......             F - macabre finger necklace {rN+} (curse)
HPRegen  0.17/turn              l - ring of protection from cold (curse)
MPRegen  0.20/turn              y - ring of stealth (curse)
                                (no ring)

@: no status effects
A: no striking features
a: Curse Item, Scrying, Renounce Religion


You were on level 8 of the Dungeon.
You worshipped Ashenzari.
Ashenzari was aware of your devotion.
You were hungry.

You visited 2 branches of the dungeon, and saw 9 of its levels.
You also visited: Sewer.

You collected 369 gold pieces.

Inventory:

Hand Weapons
 a - a +1 short sword
 b - a +0 blowgun
 v - a cursed +3 dire flail of venom (weapon)
Missiles
 x - 43 poisoned needles
Armour
 e - a +0 robe (worn)
 k - a cursed +2 hat (worn)
 q - a cursed +0 pair of gloves (worn)
 B - a cursed +0 cloak (worn)
Jewellery
 l - a cursed ring of protection from cold (left hand)
 y - a cursed ring of stealth (right hand)
 F - the cursed macabre finger necklace (around neck) {rN+}
   (You found it on level 7 of the Dungeon)

   [amulet of nothing]

   It protects you from negative energy.
   It has a curse placed upon it.
Wands
 E - a wand of confusion (16/48)
 G - a wand of lightning (11/15)
Scrolls
 m - 5 scrolls of fear
 o - 3 scrolls of remove curse
 p - 3 scrolls of blinking
 s - 3 scrolls of identify
 t - 4 scrolls of teleportation
 u - a scroll of enchant weapon
 D - 3 scrolls of amnesia
Potions
 d - a potion of haste {unknown}
 f - a potion of might
 g - 4 potions of flight
 j - a potion of invisibility
 n - 4 potions of curing
 r - a potion of heal wounds {unknown}
 z - a potion of cancellation {unknown}
 A - a potion of brilliance {unknown}
 C - 3 potions of magic
 I - a potion of lignification
 K - a potion of agility {unknown}
Books
 h - a book of Conjurations

   Spells                             Type                      Level
   a - Magic Dart                     Conjuration                  1
   b - Searing Ray                    Conjuration                  2
   c - Dazzling Spray                 Conjuration/Hexes            3
   d - Fulminant Prism                Conjuration/Hexes            4
   e - Force Lance                    Conjuration/Translocation    4
   f - Iskenderun's Mystic Blast      Conjuration                  4
 w - a book of Flames

   Spells                             Type                      Level
   a - Flame Tongue                   Conjuration/Fire             1
   b - Throw Flame                    Conjuration/Fire             2
   c - Conjure Flame                  Conjuration/Fire             3
   d - Inner Flame                    Hexes/Fire                   3
   e - Sticky Flame                   Conjuration/Fire             4
   f - Fireball                       Conjuration/Fire             5
 L - a book of Cantrips

   Spells                             Type                      Level
   a - Confusing Touch                Hexes                        1
   b - Animate Skeleton               Necromancy                   1
   c - Summon Small Mammal            Summoning                    1
   d - Apportation                    Translocation                1
Comestibles
 c - 7 bread rations
 i - 4 meat rations
 H - 2 royal jellies
 J - 2 chunks of flesh


   Skills:
 + Level 1.8 Fighting
 + Level 2.4 Short Blades
 + Level 1.1 Throwing
 + Level 4.1 Dodging
 + Level 5.0 Stealth
 + Level 10.4 Spellcasting
 + Level 8.3 Conjurations
 * Level 2.0 Necromancy
 + Level 5.2 Translocations
 + Level 9.1 Fire Magic


You had 13 spell levels left.
You knew the following spells:

 Your Spells              Type           Power        Failure   Level  Hunger
a - Flame Tongue          Conj/Fire      #####        1%          1    None
b - Throw Flame           Conj/Fire      ######       1%          2    None
c - Conjure Flame         Conj/Fire      ######..     1%          3    None
d - Sticky Flame          Conj/Fire      ######..     1%          4    ##.....
e - Magic Dart            Conj           ####         1%          1    None
f - Force Lance           Conj/Tloc      #####...     3%          4    ##.....
S - Animate Skeleton      Necr           N/A          2%          1    None


Dungeon Overview and Level Annotations

Branches:
Dungeon (8/15)             Temple (1/1) D:7
   Lair: D:8-11

Altars:
Ashenzari
Cheibriados
Dithmenos
Elyvilon
Fedhas
Gozag
Hepliaklqana
Nemelex Xobeh
Okawaru
Qazlal
Ru
Sif Muna
Trog
Uskayaw
Xom
Yredelemnul
Zin

Annotations:
D:2 Terence
D:3 Kidiri's ghost, amateur DEFE
D:6 hairmachine's ghost, novice CeHu


Message History

The cyan ugly thing shocks you!
The cyan ugly thing burns!
The cyan ugly thing burns!
The cyan ugly thing burns!
The cyan ugly thing burns!
The cyan ugly thing burns!
The cyan ugly thing stops burning.
The cyan ugly thing headbutts you! The cyan ugly thing shocks you!
* * * LOW HITPOINT WARNING * * *
Unknown command.
Casting: Sticky Flame
Confirm with . or Enter, or press ? or * to list all spells.
Aiming: Force Lance
Press: ? - help, Shift-Dir - straight line, f/p - cyan ugly thing
Aim: a cyan ugly thing (severely wounded)
The lance of force misses the cyan ugly thing.
You are feeling hungry.
The cyan ugly thing headbutts you.
* * * LOW HITPOINT WARNING * * *
The cyan ugly thing shocks you!
You die...

#.......#####.#.#
#.#
########).....#.#
#.# #†######.# #.#
#####[## #.#####.#
#......# #.#.....#
#......#####.#.#####
#......#........#
#...............# ##
#............@..# ..
#........<[..u..# ..
#...............# ..
#......#........# ..
#(..............# ..
#.......######'## #
#######.# #.# #.#
#.# .# #.#


You could see a cyan ugly thing.

Vanquished Creatures
  2 two-headed ogres (D:8)
  Grinder (D:5)
  A hippogriff (D:5)
  Grum (D:8)
  Menkaure (D:5)
  Edmund (D:5)
  Duvessa (D:5)
  A water moccasin (D:6)
  A sky beast (D:5)
  A black bear (D:4)
  2 ice beasts
  2 phantoms (D:4)
  The ghost of p0werm0de the Sneak, an amateur NaFE of Xom (D:4)
  4 ogres
  2 wolves (D:8)
  2 centaurs
  3 big kobolds
  Blork the orc (D:5)
  A gnoll sergeant (D:8)
  4 bullfrogs
  Dowan (D:5)
  2 scorpions (D:4)
  2 howler monkeys (D:8)
  3 crimson imps
  A bullfrog zombie (D:7)
  2 hounds
  2 quasits
  An orc priest (D:5)
  A centaur skeleton (D:8)
  A bullfrog skeleton (D:5)
  3 iguanas
  3 orc wizards
  7 worker ants
  A hound zombie (D:6)
  A hound skeleton (D:6)
  4 gnolls (D:8)
  13 adders
  A howler monkey skeleton (D:7)
  A river rat (Sewer)
  2 shadow imps
  3 oozes
  3 adder skeletons (D:4)
  7 worms
  4 dart slugs
  3 leopard geckos
  17 orcs
  4 giant cockroaches
  10 goblins
  9 hobgoblins
  6 jackals
  14 kobolds
  4 quokkas
  4 ball pythons
  A ball python skeleton (D:4)
  2 bats
  5 frilled lizards
  A jackal skeleton (D:5)
  A quokka skeleton (D:6)
  9 rats
192 creatures vanquished.

Notes
Turn   | Place    | Note
-------+----------+-------------------------------------------
     0 | D:1      | nubinia the Deep Elf Fire Elementalist began the quest for the Orb.
     0 | D:1      | Reached XP level 1. HP: 10/10 MP: 6/6
   767 | D:1      | Reached XP level 2. HP: 15/15 MP: 5/8
   773 | D:1      | Learned a level 2 spell: Throw Flame
  1412 | D:1      | Reached XP level 3. HP: 19/19 MP: 6/9
  1443 | D:1      | Learned a level 3 spell: Conjure Flame
  1929 | D:2      | Found an iron altar of Okawaru.
  2478 | D:2      | Noticed Terence
  2714 | D:3      | Noticed Kidiri's ghost (amateur DEFE)
  2827 | D:3      | Reached XP level 4. HP: 24/24 MP: 7/11
  2864 | D:3      | Learned a level 4 spell: Sticky Flame
  3482 | D:4      | Reached skill level 4 in Spellcasting
  4492 | D:4      | Noticed an ogre
  4492 | D:4      | Noticed an ogre
  4526 | D:4      | Reached XP level 5. HP: 28/28 MP: 9/13
  4572 | D:4      | Killed an ogre
  4579 | D:4      | Killed an ogre
  4579 | D:4      | Reached skill level 5 in Fire Magic
  4579 | D:4      | Reached XP level 6. HP: 33/33 MP: 4/15
  4764 | D:4      | Reached skill level 5 in Spellcasting
  4994 | D:4      | Found a hazy altar of Hepliaklqana.
  4999 | D:4      | Reached XP level 7. HP: 37/37 MP: 8/17
  5077 | D:4      | Noticed p0werm0de's ghost (amateur NaFE)
  5297 | D:4      | Reached skill level 1 in Throwing
  5297 | D:4      | Reached skill level 6 in Spellcasting
  5596 | D:4      | Killed p0werm0de's ghost
  5892 | D:5      | Entered Level 5 of the Dungeon
  5925 | D:5      | Noticed Duvessa
  5925 | D:5      | Noticed Dowan
  5950 | D:5      | Found a glowing drain.
  5963 | Sewer    | Entered a sewer
  6125 | Sewer    | Reached skill level 5 in Conjurations
  6561 | Sewer    | Reached skill level 1 in Fighting
  6866 | Sewer    | Reached XP level 8. HP: 43/43 MP: 14/20
  6930 | D:5      | Noticed Menkaure
  7100 | D:5      | Learned a level 1 spell: Magic Dart
  7131 | D:5      | Reached skill level 7 in Spellcasting
  7195 | D:5      | Noticed Grinder
  7422 | D:5      | Reached skill level 1 in Short Blades
  7542 | D:5      | Noticed Blork the orc
  7548 | D:5      | Killed Blork the orc
  7637 | D:5      | Killed Menkaure
  7703 | D:5      | Learned a level 4 spell: Force Lance
  7721 | D:5      | Found a snail-covered altar of Cheibriados.
  7997 | D:5      | Found a sparkling altar of Nemelex Xobeh.
  7997 | D:5      | Noticed Edmund
  8005 | D:5      | Killed Edmund
  8005 | D:5      | Reached skill level 1 in Translocations
  8269 | D:5      | Paralysed by Grinder for 2 turns
  8274 | D:5      | Killed Grinder
  8274 | D:5      | Reached skill level 8 in Spellcasting
  8467 | D:5      | Noticed a hippogriff
  8471 | D:5      | Killed a hippogriff
  8471 | D:5      | Reached XP level 9. HP: 47/47 MP: 15/23
  8731 | D:5      | Killed Duvessa
  8839 | D:5      | Killed Dowan
  9723 | D:6      | Found a glowing silver altar of Zin.
  9819 | D:6      | Noticed hairmachine's ghost (novice CeHu)
 10147 | D:5      | Reached skill level 9 in Spellcasting
 10736 | D:6      | Found a shimmering altar of Xom.
 11080 | D:7      | Found a staircase to the Ecumenical Temple.
 11146 | Temple   | Entered the Ecumenical Temple
 11299 | Temple   | Became a worshipper of Ashenzari the Shackled
 12051 | D:8      | Noticed a two-headed ogre
 12087 | D:8      | Killed a two-headed ogre
 12087 | D:8      | Reached skill level 5 in Stealth
 12087 | D:8      | Reached XP level 10. HP: 52/52 MP: 5/25
 12282 | D:8      | Noticed Grum
 12289 | D:8      | Reached skill level 10 in Spellcasting
 12487 | D:8      | Reached skill level 5 in Translocations
 12503 | D:8      | Killed Grum
 12554 | D:8      | Reached * piety under Ashenzari
 12702 | D:8      | Learned a level 1 spell: Animate Skeleton
 12803 | D:8      | Noticed a two-headed ogre
 12816 | D:8      | Killed a two-headed ogre
 12979 | D:8      | Noticed a cyan ugly thing
 12991 | D:8      | Mangled by a cyan ugly thing

Vault maps used:
D:1:      dpeg_arrival_line_fractal
D:2:      lemuel_coloured_pillars_altar, uniq_terence
D:3:      first_bread, kennysheep_generic_room_3
D:4:      nicolae_overflow_crystal_walls
D:5:      kennysheep_little_box, kennysheep_mini_moat,
          cheibrodos_sewer_entry_bend, uniq_blork_the_orc, uniq_edmund,
          uniq_duvessa, uniq_menkaure, uniq_grinder
D:6:      tgw_xom, basic_altar, hex_large
D:7:      minmay_temple_entry_junction_2
D:8:      uniq_grum
Temple:   minmay_temple_curvy_loop
Sewer:    sewer_co_15_rooms

Skill      XL: |  1  2  3  4  5  6  7  8  9 10 |
---------------+-------------------------------+-----
Stealth        | 3 4 5 |  5.0
Conjurations   | 2 3 4 5 6 7 8 |  8.3
Fire Magic     | 4 5 6 7 8 9 |  9.1
Spellcasting   | 4 5 6 8 9 10 | 10.4
Dodging        | 3 4 |  4.1
Throwing       | 1 |  1.1
Fighting       | 1 |  1.8
Short Blades   | 2 |  2.4
Translocations | 2 4 5 |  5.2
Necromancy     | 2 |  2.0

Action                   |  1- 3 |  4- 6 |  7- 9 | 10-12 || total
-------------------------+-------+-------+-------+-------++-------
Melee: Short sword       |     7 |     6 |    12 |       ||    25
       Club              |     2 |       |       |       ||     2
       Dire flail        |       |       |    38 |    20 ||    58
 Fire: Blowgun           |       |     3 |       |       ||     3
 Cast: Flame Tongue      |    45 |    45 |   180 |    19 ||   289
       Throw Flame       |    21 |    31 |    91 |    41 ||   184
       Sticky Flame      |       |     1 |    12 |     5 ||    18
       Conjure Flame     |       |       |     3 |       ||     3
       Magic Dart        |       |       |     8 |       ||     8
       Force Lance       |       |       |     1 |     1 ||     2
Invok: Curse Item        |       |       |     6 |       ||     6
  Use: Potion            |     3 |       |     4 |     1 ||     8
       Scroll            |     3 |     3 |     9 |     1 ||    16
 Stab: Sleeping          |     2 |       |     4 |       ||     6
  Eat: Chunk             |     6 |     6 |    19 |     3 ||    34
       Royal jelly       |       |       |     1 |       ||     1
       Fruit             |       |       |     3 |       ||     3
Armor: Robe              |       |     6 |    28 |     3 ||    37
Dodge: Dodged            |     8 |    18 |    71 |    22 ||   119
